 Dungeon Crawl Stone Soup version 0.31-a0-986-g5e6e4ef867 (webtiles) character file.

Game seed: 15110222409098015523

665 javelincjr the Trooper (level 7, -3/64 HPs)
             Began as a Minotaur Fighter on Nov 7, 2023.
             Was a Follower of Qazlal.
             Killed from afar by an orc wizard (6 damage)
             ... with a puff of flame
             ... on level 5 of the Dungeon.
             The game lasted 00:10:59 (2912 turns).

javelincjr the Trooper (Minotaur Fighter)           Turns: 2912, Time: 00:11:00

Health: -3/64      AC:  7    Str: 26    XL:     7   Next: 31%
Magic:  6/6        EV: 10    Int:  5    God:    Qazlal [*.....]
Gold:   249        SH:  6    Dex: 10    Spells: 6/6 levels left

rFire   . . .        a - +0 war axe
rCold   . . .        c - +0 buckler
rNeg    . . .        b - +0 scale mail
rPois   .            (helmet restricted)
rElec   .            (no cloak)
rCorr   .            (no gloves)
SInv    .            (no boots)
Will    .....        j - amulet "Dustreip" {Acrobat Str+4} Stlth
                     (no ring)
HPRegen 0.30/turn    (no ring)
MPRegen 0.10/turn

%: acrobat
@: no status effects
A: horns 2, retaliatory headbutt
a: Renounce Religion


You were on level 5 of the Dungeon.
You worshipped Qazlal.
Qazlal was aware of your devotion.
You visited 2 branches of the dungeon, and saw 6 of its levels.
You also visited: Sewer.

You collected 249 gold pieces.

Inventory:

Hand Weapons
 a - a +0 war axe (weapon)
Missiles
 f - 33 stones
 k - 4 silver javelins
Armour
 b - a +0 scale mail (worn)
 c - a +0 buckler (worn)
Jewellery
 j - the amulet "Dustreip" (around neck) {Acrobat Str+4}
   (You acquired it on level 3 of the Dungeon)

   [amulet of the acrobat]

   Acrobat:   It increases your evasion while moving and waiting.
   Str+4:     It affects your strength (+4).
Talismans
 h - a maw talisman
Wands
 r - a wand of digging (3)
Scrolls
 d - 2 scrolls of identify
 l - a scroll of fog {unknown}
 m - 2 scrolls of immolation
 o - a scroll of summoning {unknown}
 p - a scroll of blinking {unknown}
 s - 2 scrolls of teleportation {unknown}
 t - a scroll of vulnerability {unknown}
Potions
 e - 3 potions of curing
 g - a potion of enlightenment
 i - a potion of lignification {unknown}
 n - 2 potions of magic {unknown}
 q - a potion of heal wounds {unknown}
 u - a potion of mutation {unknown}
 v - a potion of might


   Skills:
 * Level 6.4 Fighting
 + Level 4.4 Axes
 + Level 5.4 Armour
 + Level 2.8 Dodging
 + Level 5.4 Shields
 + Level 1.3 Invocations


You had 6 spell levels left.
You didn't know any spells.
Your spell library was empty.

Dungeon Overview and Level Annotations

Branches:
Dungeon (5/15)             Temple (1/1) D:4           Sewer (visited)

Altars:
Ashenzari
Dithmenos
Elyvilon
Gozag
Kikubaaqudgha
Makhleb
Nemelex Xobeh
Qazlal
Ru
Trog
Uskayaw
Yredelemnul
The Shining One


Innate Abilities, Weirdness & Mutations

You have a pair of horns on your head.
You reflexively headbutt those who attack you in melee.


Message History

You barely miss the orc. x2; You block the orc's attack.
The orc hits you but does no damage. You block the orc's attack.
You barely miss the orc. You miss something. The orc barely misses you.
The orc closely misses you.
You hit something but do no damage. You hit the orc.
You block something's attack.
The orc hits you from afar with a +0 trident.
* * * LOW HITPOINT WARNING * * *
The orc closely misses you. Something hits you but does no damage.
You closely miss something. You hit the orc but do no damage.
The orc hits you from afar with a +0 trident.
* * * LOW HITPOINT WARNING * * *
The orc closely misses you. Something hits you but does no damage.
You block the orc's attack. The orc hits you with a +0 trident!
* * * LOW HITPOINT WARNING * * *
You feel better. Something hits you but does no damage.
You block the orc's attack. The orc hits you with a +0 trident.
* * * LOW HITPOINT WARNING * * *
You hit something but do no damage. You closely miss the orc.
You hear some strange, mumbled words.
A puff of flame appears from out of thin air!
You block the puff of flame.
The orc hits you from afar with a +0 trident.
* * * LOW HITPOINT WARNING * * *
The orc hits you with a +0 trident.
* * * LOW HITPOINT WARNING * * *
You hit the orc.
You kill the orc!
Qazlal accepts your kill.
You closely miss something. The orc barely misses you.
Something hits you but does no damage.
You barely miss the orc. You headbutt the orc.
The orc is moderately wounded.
You hit something but do no damage. The orc hits you but does no damage.
The orc hits you with a +0 mace!
* * * LOW HITPOINT WARNING * * *
You hear some strange, mumbled words.
A puff of flame appears from out of thin air!
The puff of flame hits you.
You die...

######...# ...
.........## #..
####......## #.#
#....##..## #.#
#+#.####..## #.# ###
##..###.# ###+##
##.....#
........######..☼#####
...........#####@....#
......# #..##o{.##.#
......# #....o###
......# #.....#
......# #....##
......## ##.....#
.......# #...)..#
..[....#§#......#
........§.§.....#


You could see 2 orcs.

Vanquished Creatures
  A black bear (D:5)
  Pargi (Sewer)
  2 phantoms
  A howler monkey (D:4)
  2 iguanas (D:4)
  A sleepcap (D:4)
  Terence (D:2)
  3 gnolls (D:2)
  5 adders
  A river rat (D:3)
  A shadow imp (D:5)
  A dart slug (D:2)
  3 worms
  5 orcs (D:5)
  4 endoplasms
  2 giant cockroaches (D:1)
  4 goblins
  9 hobgoblins
  10 jackals
  3 kobolds
  7 quokkas
  9 ball pythons
  5 bats
  8 frilled lizards
  8 rats
97 creatures vanquished.

Notes
Turn   | Place    | Note
-------+----------+-------------------------------------------
     0 | D:1      | javelincjr the Minotaur Fighter began the quest for the
                  | Orb.
     0 | D:1      | Reached XP level 1. HP: 19/19 MP: 0/0
   157 | D:1      | Reached XP level 2. HP: 27/27 MP: 1/1
   521 | D:1      | Reached skill level 4 in Fighting
   579 | D:2      | Noticed Terence
   584 | D:2      | Killed Terence
   585 | D:2      | Reached XP level 3. HP: 22/33 MP: 2/2
   594 | D:2      | Reached skill level 1 in Dodging
   594 | D:2      | Reached XP level 4. HP: 18/41 MP: 3/3
  1391 | D:3      | Reached XP level 5. HP: 45/47 MP: 4/4
  1471 | D:3      | Identified a scroll of acquirement
  1471 | D:3      | Acquired the amulet "Dustreip" {Acrobat Str+4}
  1701 | D:3      | Reached skill level 5 in Fighting
  1707 | D:3      | Found a glowing drain.
  1713 | Sewer    | Entered a sewer
  1780 | Sewer    | Noticed Pargi
  1790 | Sewer    | Killed Pargi
  2044 | D:3      | Reached XP level 6. HP: 56/56 MP: 5/5
  2058 | D:4      | Found a staircase to the Ecumenical Temple.
  2074 | Temple   | Entered the Ecumenical Temple
  2081 | Temple   | Became a worshipper of Qazlal Stormbringer
  2105 | D:4      | Found a broken altar of Ashenzari.
  2288 | D:4      | Reached skill level 5 in Armour
  2288 | D:4      | Reached skill level 5 in Shields
  2578 | D:4      | Found a sparkling altar of Nemelex Xobeh.
  2660 | D:4      | Reached skill level 6 in Fighting
  2683 | D:5      | Entered Level 5 of the Dungeon
  2697 | D:5      | Reached skill level 1 in Invocations
  2697 | D:5      | Reached XP level 7. HP: 35/63 MP: 6/6
  2903 | D:5      | Reached * piety under Qazlal
  2912 | D:5      | HP: 3/64 [orc/+0 mace (7)]
  2912 | D:5      | Killed from afar by an orc wizard

Illustrated notes

Levels and vault maps discovered:
D:1:      shiori_arrival_oz, layout_basic, minmay_misc_feat_tiny
D:2:      minmay_evil_eye, layout_loops_ring, kennysheep_generic_room_14,
          uniq_terence
D:3:      minmay_wonky_spiral, layout_rooms, portal_sewer_entry_e,
          dreamdust_wishing_well
D:4:      layout_gridville, nemelex_spade_bored_becter,
          nicolae_ashenzari_panopticon, minmay_temple_entry_mist
D:5:      layout_layer_cave, kennysheep_mini, nzn_hepliaklqana_mist_gate,
          zin_scriptorium, minmay_misc_feat_chi, st_stairs_12
Temple:   minmay_freezing_vapour_temple

Skill      XL: |  1  2  3  4  5  6 |
---------------+-------------------+-----
Fighting       | 4 5 6 |  6.4
Shields        | 4 5 |  5.4
Axes           | 3 4 |  4.4
Armour         | 4 5 |  5.4
Dodging        | 1 2 |  2.8
Invocations    | 1 |  1.3

Action                     |  1- 3 |  4- 6 |  7- 9 || total
---------------------------+-------+-------+-------++-------
  Melee: War axe           |    45 |   141 |    15 ||   201
         Headbutt          |     7 |    21 |     1 ||    29
    Use: Scroll            |       |     5 |       ||     5
         Potion            |       |     1 |     1 ||     2
 Armour: Scale mail        |    26 |    99 |    43 ||   168
  Dodge: Dodged            |    30 |    75 |    20 ||   125
  Block: Buckler           |    13 |    33 |    17 ||    63

Table legend: (Time is in decaauts)
 A = Elapsed time spent in this place.
 B = Non-inter-level travel time spent in this place.
 C = Inter-level travel time spent in this place.
 D = Time resting spent in this place.
 E = Time spent auto-exploring this place.
 F = Levels seen in this place.
 G = Mean time per level.
                   A        B        C        D        E       F      G
               +--------+--------+--------+--------+--------+-----+--------+
         Total |   3028 |   2807 |    221 |      0 |   2081 |   7 |  432.6 |
       Dungeon |   2736 |   2515 |    221 |      0 |   1908 |   5 |  547.2 |
        Temple |     14 |     14 |      0 |      0 |      0 |   1 |   14.0 |
         Sewer |    277 |    277 |      0 |      0 |    173 |   1 |  277.0 |
               +--------+--------+--------+--------+--------+-----+--------+

Top non-repeatable levels by time:
     D:2: 802 daAuts
     D:4: 623 daAuts
     D:1: 555 daAuts
     D:3: 519 daAuts
   Sewer: 277 daAuts
     D:5: 236 daAuts
  Temple: 14 daAuts
